 Dungeon Crawl Stone Soup version 0.25.0-11-g1f837a76a1 (webtiles) character file.

Game seed: 10689867852197254978

13011 Apogee the Grappler (level 11, -13/138 HPs)
             Began as a Troll Hunter on June 24, 2020.
             Was an Elder of Makhleb.
             Mangled by a spiny frog (14 damage)
             ... on level 2 of the Lair of Beasts.
             The game lasted 00:20:40 (9651 turns).

Apogee the Grappler (Troll Hunter)                  Turns: 9651, Time: 00:20:41

Health: -13/138    AC: 10    Str: 25    XL:     11   Next: 70%
Magic:  19/19      EV:  9    Int:  7    God:    Makhleb [****..]
Gold:   891        SH:  0    Dex: 10    Spells: 10/10 levels left

rFire    + . .     SeeInvis .     - Unarmed
rCold    + + +     Gourm    +   (no shield)
rNeg     . . .     Faith    .   G - +0 troll leather armour
rPois    .         Spirit   .   n - +2 hat
rElec    .         Reflect  .   s - scarf {rC+ rF+}
rCorr    .         Harm     .   (gloves unavailable)
MR       .....                  (boots unavailable)
Stlth    +.........             Q - amulet of Vitality {Regen+ HP+15}
HPRegen  1.53/turn              o - ring of magical power
MPRegen  0.16/turn              q - ring of protection from cold

@: lethally poisoned (-13 -> -14)
A: large, unfitting armour, claws 3, hooves 1, blink, cold resistance 1, fast
metabolism 3, gourmand, regeneration 1, shaggy fur 1, tough skin 3
a: Blink, Minor Destruction, Lesser Servant of Makhleb, Major Destruction,
Renounce Religion


You were on level 2 of the Lair of Beasts.
You worshipped Makhleb.
Makhleb was greatly pleased with you.
You were completely stuffed.

You visited 3 branches of the dungeon, and saw 15 of its levels.

You collected 891 gold pieces.

Inventory:

Hand Weapons
 a - a +1 short sword
Missiles
 c - 5 large rocks
 d - a throwing net (quivered)
 p - 233 stones
 D - 16 poisoned darts
 M - 4 curare-tipped darts
Armour
 b - a +0 robe
 n - a +2 hat (worn)
 s - a scarf of resistance (worn)
 A - a +1 cloak
 G - a +0 troll leather armour (worn)
Jewellery
 j - an uncursed amulet of regeneration
 m - a cursed ring of attention {unknown}
 o - a ring of magical power (left claw)
 q - a ring of protection from cold (right claw)
 F - an uncursed amulet of the acrobat
 O - an uncursed ring of stealth {unknown}
 Q - the amulet of Vitality (around neck) {Regen+ HP+15}
   (You found it on level 1 of the Lair of Beasts)

   [amulet of regeneration]

   It affects your health (+15).
   It increases your rate of regeneration.
Wands
 h - a wand of flame (22)
 y - a wand of random effects (27)
 J - a wand of disintegration (29)
 N - a wand of paralysis (4)
 P - a wand of acid (3)
 R - a wand of iceblast (6)
Scrolls
 e - 2 scrolls of fog
 g - 5 scrolls of teleportation
 i - 12 scrolls of identify
 k - 5 scrolls of remove curse
 r - 2 scrolls of enchant weapon
 t - 3 scrolls of fear
 z - a scroll of amnesia
 C - 3 scrolls of enchant armour
Potions
 l - 3 potions of brilliance
 u - a potion of might {unknown}
 v - a potion of ambrosia {unknown}
 w - a potion of degeneration {unknown}
 x - 2 potions of experience {unknown}
 B - 2 potions of magic {unknown}
 E - 2 potions of lignification {unknown}
 H - 2 potions of stabbing
 I - 3 potions of heal wounds
 K - 2 potions of curing
 L - a potion of mutation
Comestibles
 f - 31 rations
 S - 11 chunks of flesh


   Skills:
 - Level 12.0 Fighting
 + Level 4.2 Throwing
 - Level 1.5 Dodging
 - Level 0.3 Stealth
 - Level 12.0 Unarmed Combat


You had 10 spell levels left.
You didn't know any spells.
Your spell library contained the following spells:

 Spells                   Type           Power        Failure   Level  Hunger
 Foxfire                  Conj/Fire      #...         47%         1    ##.....
 Conjure Flame            Conj/Fire      #.......     85%         3    ####...
 Inner Flame              Hex/Fire       #.......     85%         3    ####...
 Sticky Flame             Conj/Fire      #.......     99%         4    #####..
 Fireball                 Conj/Fire      #.........   100%        5    ######.


Dungeon Overview and Level Annotations

Branches:
Dungeon (12/15)            Temple (1/1) D:6            Lair (2/6) D:10
  Swamp: Lair:2-4    Shoals: Lair:2-4     Snake: Lair:2-4    Spider: Lair:2-4
    Orc: D:9-12

Altars:
Ashenzari
Cheibriados
Dithmenos
Elyvilon
Fedhas
Gozag
Hepliaklqana
Kikubaaqudgha
Makhleb
Nemelex Xobeh
Okawaru
Qazlal
Ru
Sif Muna
Trog
Uskayaw
Vehumet
Wu Jian
Xom
Yredelemnul
Zin
The Shining One

Shops:
D:7 *   D:8 :

Annotations:
D:6 1 runed translucent door, Crazy Yiuf
Lair:1 1 runed translucent door, Zusoliwk's ghost, journeyman CeHu


Innate Abilities, Weirdness & Mutations

You are too large for most types of armour.
You have claws for hands.
Your metabolism is lightning-fast.
You like to eat raw meat.
Your natural rate of healing is unusually fast.
You are covered in fur. (AC +1)
You have extremely tough skin. (AC +3)
You have large cloven feet.
You can translocate small distances at will.
Your flesh is cold resistant. (rC+)


Message History

The acid corrodes the hippogriff!
The hippogriff is heavily wounded.
You feel sick. The 12-headed hydra barely misses you.
The 12-headed hydra bites you. The 12-headed hydra bites you!
* * * LOW HITPOINT WARNING * * *
The 12-headed hydra bites you.
* * * LOW HITPOINT WARNING * * *
The 12-headed hydra bites you!
* * * LOW HITPOINT WARNING * * *
The 12-headed hydra bites you!
* * * LOW HITPOINT WARNING * * *
The 12-headed hydra completely misses you.
The 12-headed hydra bites you but does no damage.
The 12-headed hydra bites you.
* * * LOW HITPOINT WARNING * * *
The 12-headed hydra closely misses you. The 12-headed hydra bites you!
* * * LOW HITPOINT WARNING * * *
The 12-headed hydra bites you but does no damage.
The spiny frog stings you!
You die...

..###...### ...
###...# ....
###...### ....#
##...##.P#
.....###...###..##
#.....#....##P..#
#........###...##
#.......F##..##
.##......HD@..##
..(((...###..##
.........###.#
....P....# ###
.##..##... #..
###.. #.# #.. ##
... ....


You could see a 12-headed hydra, a hippogriff (corroded) and a spiny frog.

Vanquished Creatures
  An unseen horror (D:10)
  Joseph (Lair:1)
  A torpor snail (Lair:2)
  A gargoyle (D:11)
  2 spiny frogs (Lair:1)
  A komodo dragon (Lair:1)
  A queen bee (Lair:1)
  2 trolls (D:11)
  A polar bear (Lair:2)
  A hornet (D:9)
  4 hippogriffs
  A shadow (D:11)
  5 yaks
  2 wyverns
  3 fire bats (Lair:1)
  A hungry ghost (D:8)
  A steam dragon (D:10)
  Menkaure (D:7)
  2 water moccasins
  2 orc warriors
  2 porcupines (Lair:1)
  3 ice beasts
  2 sky beasts (D:6)
  7 ogres
  A black bear (D:8)
  3 wolves (Lair:1)
  8 centaurs
  4 crocodiles
  3 big kobolds
  Blork the orc (D:6)
  7 bullfrogs
  A gnoll sergeant (D:6)
  3 scorpions
  26 killer bees (Lair:1)
  4 wights (D:8)
  4 electric eels
  4 howler monkeys
  4 crimson imps
  A bullfrog zombie (D:9)
  3 orc priests
  A jelly (D:9)
  4 hounds
  5 orc wizards
  A bullfrog skeleton (D:7)
  3 centaur skeletons
  A gnoll shaman (D:8)
  2 iguanas
  12 worker ants
  A statue (D:9)
  A hound skeleton (D:6)
  A howler monkey zombie (D:9)
  2 worker ant zombies
  10 gnolls
  2 howler monkey skeletons
  7 adders
  3 shadow imps
  An ooze (D:7)
  A dart slug (D:1)
  3 leopard geckos
  21 orcs
  5 bats
  6 giant cockroaches
  7 hobgoblins
  6 jackals
  A quokka (D:5)
  2 ball pythons (D:1)
  6 frilled lizards
  7 goblins
  28 kobolds
  5 rats
280 creatures vanquished.

Vanquished Creatures (others)
  2 fungi (Lair:1)
  A plant (Lair:1)
3 creatures vanquished.

Grand Total: 283 creatures vanquished

Notes
Turn   | Place    | Note
-------+----------+-------------------------------------------
     0 | D:1      | Apogee the Troll Hunter began the quest for the Orb.
     0 | D:1      | Reached XP level 1. HP: 19/19 MP: 0/0
   167 | D:1      | Reached skill level 1 in Unarmed Combat
   188 | D:1      | Reached XP level 2. HP: 27/27 MP: 1/1
   753 | D:2      | Reached XP level 3. HP: 28/33 MP: 2/2
   761 | D:2      | Found a white marble altar of Elyvilon.
  1706 | D:3      | Reached XP level 4. HP: 41/41 MP: 3/3
  2298 | D:4      | Reached XP level 5. HP: 47/48 MP: 4/4
  2300 | D:4      | Reached skill level 5 in Unarmed Combat
  2548 | D:4      | Gained mutation: You occasionally shout uncontrollably at
                  | your foes. [potion of mutation]
  2548 | D:4      | Gained mutation: You are partially covered in yellow
                  | scales. (AC +2) [potion of mutation]
  2550 | D:4      | Lost mutation: You are partially covered in yellow scales.
                  | (AC +2) [potion of mutation]
  2550 | D:4      | Lost mutation: You occasionally shout uncontrollably at
                  | your foes. [potion of mutation]
  2550 | D:4      | Gained mutation: Your flesh is cold resistant. (rC+)
                  | [potion of mutation]
  2550 | D:4      | Gained mutation: You have large cloven feet. [potion of
                  | mutation]
  2550 | D:4      | Gained mutation: You can translocate small distances at
                  | will. [potion of mutation]
  2574 | D:5      | Entered Level 5 of the Dungeon
  2585 | D:5      | Noticed an ogre
  2589 | D:5      | Killed an ogre
  2589 | D:5      | Reached XP level 6. HP: 28/55 MP: 5/5
  2665 | D:5      | Reached XP level 7. HP: 49/62 MP: 6/6
  3159 | D:5      | Found a snail-covered altar of Cheibriados.
  3282 | D:6      | Reached XP level 8. HP: 64/70 MP: 7/7
  3312 | D:6      | Noticed Blork the orc
  3319 | D:6      | Killed Blork the orc
  3362 | D:6      | Found a stormy altar of Qazlal.
  3457 | D:6      | Found an ancient bone altar of Kikubaaqudgha.
  3520 | D:6      | Reached skill level 10 in Unarmed Combat
  3649 | D:6      | Found a staircase to the Ecumenical Temple.
  3662 | Temple   | Entered the Ecumenical Temple
  3838 | Temple   | Became a worshipper of Makhleb the Destroyer
  3969 | D:6      | Found a runed translucent door.
  3970 | D:6      | Noticed Crazy Yiuf
  4270 | D:7      | Noticed Menkaure
  4276 | D:7      | Killed Menkaure
  4341 | D:7      | Reached XP level 9. HP: 70/76 MP: 8/8
  4512 | D:7      | Reached * piety under Makhleb
  4873 | D:7      | Found Ahui's Assorted Antiques.
  5382 | D:8      | Reached skill level 5 in Fighting
  5698 | D:8      | Found Jebet's Book Shoppe.
  5872 | D:9      | Reached ** piety under Makhleb
  5914 | D:9      | Found a radiant altar of Vehumet.
  6216 | D:9      | Reached XP level 10. HP: 100/100 MP: 9/9
  6333 | D:9      | Paralysed by a hornet for 2 turns
  6897 | D:10     | Entered Level 10 of the Dungeon
  7004 | D:10     | Killed an unseen horror
  7565 | D:10     | Reached *** piety under Makhleb
  7608 | D:10     | Found a staircase to the Lair.
  8011 | D:11     | Noticed a gargoyle
  8022 | D:11     | Killed a gargoyle
  8022 | D:11     | Reached skill level 10 in Fighting
  8022 | D:11     | Reached XP level 11. HP: 105/117 MP: 10/10
  8525 | Lair:1   | Entered Level 1 of the Lair of Beasts
  8525 | Lair:1   | Noticed Joseph
  8537 | Lair:1   | Killed Joseph
  8695 | Lair:1   | Reached **** piety under Makhleb
  8842 | Lair:1   | Found a runed translucent door.
  8843 | Lair:1   | Found a shimmering altar of Xom.
  8843 | Lair:1   | Noticed Zusoliwk's ghost (journeyman CeHu)
  8843 | Lair:1   | Noticed a +1 broad axe of chaos
  8982 | Lair:1   | Found the amulet of Vitality {Regen+ HP+15}
  9217 | Lair:1   | Found a dark tunnel.
  9629 | Lair:2   | Noticed a four-headed hydra
  9651 | Lair:2   | HP: 1/138 [12-headed hydra (13)]
  9651 | Lair:2   | Mangled by a spiny frog

Illustrated notes

Levels and vault maps discovered:
D:1:      psy_arrival_dodecagon, layout_basic, chequers_serial_rivers_marsh
D:2:      layout_basic, small_statue_intersection, elyvilon_altar_5
D:3:      layout_loops_ring
D:4:      layout_rooms
D:5:      layout_cave_pools, kennysheep_little_box, first_ration,
          hangedman_abyss_or_decor_lesser_grid, grunt_ministairs_15
D:6:      minmay_bubble_buster, layout_rooms, grunt_temple_overflow_open,
          temple_green, uniq_blork_the_orc, uniq_crazy_yiuf_cottage
D:7:      layout_cave_pods, serial_shops, shop, uniq_menkaure
D:8:      layout_loops_ring, serial_shops, nicolae_shop_window_shopping
D:9:      layout_loops_ring, vehumet_statue, patterned_corridor
D:10:     layout_long_grid, erik_lair_dragon
D:11:     layout_basic
D:12:     layout_big_octagon, hiddenorc1_lemuel
Temple:   dpeg_five_rooms_temple
Lair:1:   layout_roguey [special_room_bee], nicolae_volcano_entry_batcave,
          ebering_ghost_xom, nicolae_quartered_pool_medium, uniq_joseph
Lair:2:   layout_layer_cave

Skill      XL: |  1  2  3  4  5  6  7  8  9 10 11 |
---------------+----------------------------------+-----
Unarmed Combat | 1 2 3 4 6 7 9 11 12 | 12.0
Fighting       | 6 10 12 | 12.0
Throwing       | 4 |  4.2
Dodging        | |  1.5
Stealth        | |  0.3

Action                   |  1- 3 |  4- 6 |  7- 9 | 10-12 || total
-------------------------+-------+-------+-------+-------++-------
Melee: Unarmed           |   109 |    77 |   288 |   307 ||   781
       Kick              |       |     8 |    66 |    77 ||   151
       Punch             |       |       |    20 |    11 ||    31
Throw: Throwing net      |       |       |     2 |     1 ||     3
       Large rock        |       |       |     1 |     1 ||     2
       Dart              |       |       |       |     5 ||     5
Evoke: Wand              |       |       |       |     7 ||     7
  Use: Scroll            |       |     8 |     6 |     1 ||    15
       Potion            |       |     8 |     1 |     3 ||    12
 Stab: Sleeping          |       |     1 |       |       ||     1
       Invisible         |       |     3 |       |       ||     3
       Paralysed         |       |       |       |     2 ||     2
       Held in net/web   |       |       |       |     1 ||     1
  Eat: Chunk             |    20 |    10 |    39 |    31 ||   100
Armor: Robe              |    48 |    16 |    90 |    55 ||   209
       Troll leather arm |       |       |       |    70 ||    70
Dodge: Dodged            |    41 |    36 |   123 |   149 ||   349
